AoeStats
← dashuaibi

Arena

507448200Analyzed
4v4 RM · 14d ago on Sep 18, 2026· 53m 7s· 8 players
Game mode
Random Map
Map size
Large (8 player)
Population
200
Speed
Normal
Resources
Standard
Victory
Conquest
Starting age
Dark Age
Ending age
Imperial Age
RankedLock teamsTeams togetherTeam positionsShared explorationLock speedFull tech treeHidden civsTurbo modeCheats
Victory
Defeat
🇨🇳 Cumans · China
1422
+14
🇨🇳 Byzantines · China
1422
+14
🇨🇳 Lithuanians · China
1378
+15
🇮🇳 Ethiopians · India
1374
+16
🇩🇪 Vietnamese · Germany
1437
-18
🇩🇪 Burmese · Germany
1386
-15
🇪🇸 Khmer · Spain
1330
-13
🇨🇳 Chinese · China
1320
-13
snek_fan
10:10 Feudal Age
9:06 Loom
13:49 Castle Age
12:33 Double-Bit Axe
14:15 Loom
15:00 Horse Collar
20:25 Scale Mail Armor
21:44 Arson
22:00 Squires
23:20 Bow Saw
25:29 Forging
26:48 Chain Mail Armor
29:50 Iron Casting
29:10 Fletching
35:18 Wheelbarrow
38:09 Imperial Age
38:30 Scale Barding Armor
39:35 Conscription
41:11 Plate Mail Armor
41:38 Halberdier
44:04 Chemistry
43:19 Heavy Plow
44:37 Elite Shotel Warrior
49:37 Caravan
50:13 Hand Cart
49:44 Town Watch
51:18 Fortified Wall
51:18 Masonry
52:16 Crossbowman
53:02 Thumb Ring
52:55 Bodkin Arrow
53:01 Padded Archer Armor
52:58 Arbalester
dashuaibi
7:08 Loom
10:34 Feudal Age
15:19 Castle Age
13:15 Double-Bit Axe
13:48 Horse Collar
20:58 Wheelbarrow
22:37 Forging
24:51 Bow Saw
24:43 Heavy Plow
25:17 Stone Mining
25:18 Gold Mining
25:25 Gold Mining
26:51 Stone Shaft Mining
30:21 Imperial Age
27:37 Town Watch
28:52 Hand Cart
28:45 Scale Barding Armor
29:06 Bloodlines
29:32 Husbandry
30:10 Iron Casting
30:47 Chain Barding Armor
32:09 Chemistry
31:46 Crop Rotation
31:26 Cavalier
32:53 Plate Barding Armor
32:52 Fletching
33:14 Masonry
34:27 Architecture
33:40 Treadmill Crane
34:18 Paladin
36:10 Fortified Wall
36:20 Ballistics
37:31 Bodkin Arrow
38:33 Conscription
38:51 Hoardings
38:01 Light Cavalry
40:00 Two-Man Saw
39:20 Winged Hussar
40:09 Murder Holes
博饼
8:25 Feudal Age
9:28 Double-Bit Axe
9:27 Horse Collar
14:48 Wheelbarrow
15:20 Loom
20:03 Castle Age
18:26 Gold Mining
19:03 Scale Barding Armor
19:36 Forging
19:43 Bloodlines
19:46 Forging
20:18 Town Watch
20:52 Heavy Plow
21:03 Bow Saw
24:16 Hand Cart
24:58 Iron Casting
26:08 Chain Barding Armor
26:33 Town Patrol
28:04 Loom
30:53 Gold Shaft Mining
34:11 Imperial Age
32:13 Pikeman
32:54 Squires
33:02 Scale Mail Armor
33:34 Arson
34:06 Chain Mail Armor
34:34 Halberdier
35:46 Plate Mail Armor
35:49 Crop Rotation
36:21 Two-Man Saw
34:43 Cavalier
37:23 Blast Furnace
37:00 Coinage
36:53 Paladin
38:40 Plate Barding Armor
38:01 Stone Mining
46:41 Light Cavalry
49:48 Fletching
49:57 Murder Holes
50:22 Ballistics
50:12 Masonry
51:03 Chemistry
尛b
10:35 Feudal Age
14:22 Castle Age
19:58 Imperial Age
18:20 Double-Bit Axe
18:25 Horse Collar
19:23 Loom
21:40 Chemistry
21:32 Gold Mining
27:44 Bow Saw
32:01 Wheelbarrow
32:07 Fortified Wall
32:25 Heavy Plow
32:20 Treadmill Crane
34:34 Stone Mining
34:33 Pikeman
36:14 Two-Man Saw
35:45 Hand Cart
36:14 Scale Mail Armor
36:25 Forging
36:07 Halberdier
38:41 Iron Casting
38:24 Chain Mail Armor
38:45 Iron Casting
38:20 Squires
38:05 Arson
41:04 Plate Mail Armor
40:25 Fletching
40:36 Padded Archer Armor
41:18 Elite Skirmisher
42:05 Thumb Ring
42:23 Ballistics
42:47 Gold Shaft Mining
42:48 Stone Shaft Mining
42:34 Scale Barding Armor
42:25 Bodkin Arrow
43:46 Crop Rotation
43:15 Heavy Camel Rider
43:16 Light Cavalry
46:58 Chain Barding Armor
47:09 Husbandry
50:44 Conscription
Leopard
5:06 Loom
10:51 Feudal Age
13:42 Castle Age
11:43 Double-Bit Axe
12:35 Horse Collar
15:01 Bow Saw
19:53 Heavy Plow
20:51 Wheelbarrow
22:44 Gold Mining
24:17 Hand Cart
25:06 Bloodlines
25:55 Stone Mining
28:56 Imperial Age
26:44 Husbandry
27:20 Town Watch
28:31 Scale Barding Armor
30:06 Chain Barding Armor
29:57 Forging
29:31 Cavalier
32:03 Plate Barding Armor
32:05 Iron Casting
32:12 Crop Rotation
33:11 Conscription
33:52 Blast Furnace
34:09 Fletching
34:05 Light Cavalry
36:21 Ballistics
37:29 Chemistry
36:25 Bodkin Arrow
36:57 Hussar
37:43 Heavy Scorpion
38:25 Capped Ram
40:41 Bracer
40:52 Masonry
41:11 Double Crossbow
41:51 Siege Engineers
43:22 Murder Holes
45:33 Siege Ram
48:06 Architecture
47:49 Fortified Wall
Kawa
10:19 Feudal Age
11:39 Loom
14:51 Castle Age
13:58 Double-Bit Axe
14:30 Horse Collar
16:35 Wheelbarrow
18:04 Bow Saw
20:47 Heavy Plow
22:04 Gold Mining
22:58 Hand Cart
23:08 Stone Mining
23:48 Town Watch
28:15 Imperial Age
26:00 Fletching
26:43 Bodkin Arrow
28:29 Padded Archer Armor
29:25 Bracer
29:41 Leather Archer Armor
29:48 Ballistics
30:28 Chemistry
30:49 Two-Man Saw
30:25 Crop Rotation
31:12 Paper Money
33:31 Ring Archer Armor
32:41 Elite Rattan Archer
36:05 Scale Mail Armor
36:16 Forging
36:09 Squires
35:40 Elite Fire Lancer
37:19 Chain Mail Armor
40:08 Plate Mail Armor
40:55 Iron Casting
40:35 Guilds
40:47 Murder Holes
40:59 Siege Engineers
42:42 Arson
Fanume
7:05 Loom
11:04 Feudal Age
14:38 Castle Age
12:43 Horse Collar
21:16 Gold Mining
22:10 Wheelbarrow
25:29 Hand Cart
28:10 Imperial Age
25:59 Heavy Plow
25:50 Stone Mining
26:21 Scale Barding Armor
27:55 Bloodlines
27:45 Husbandry
28:07 Chain Barding Armor
27:58 Forging
28:13 Town Watch
33:38 Crop Rotation
33:44 Gold Shaft Mining
33:36 Elite Battle Elephant
34:22 Devotion
35:48 Chemistry
38:09 Plate Barding Armor
38:10 Iron Casting
37:38 Treadmill Crane
38:19 Ballistics
37:52 Fletching
38:52 Siege Engineers
40:03 Scale Mail Armor
40:44 Conscription
40:29 Manipur Cavalry
40:32 Howdah
40:52 Man-at-Arms
41:18 Gambesons
41:33 Squires
41:19 Arson
41:52 Chain Mail Armor
42:37 Blast Furnace
42:44 Bodkin Arrow
42:32 Long Swordsman
43:16 Murder Holes
43:32 Masonry
43:21 Two-Handed Swordsman
44:17 Champion
巨大的问号
0:35 Loom
10:37 Feudal Age
14:26 Castle Age
12:26 Double-Bit Axe
18:04 Wheelbarrow
17:49 Bow Saw
23:41 Gold Mining
36:37 Crossbowman
37:56 Ballistics
38:33 Wheelbarrow
39:05 Thumb Ring
39:32 Fletching
Connection lost

Rejoining the realm…

Still unreachable

The connection could not be restored.

Session expired

The server has moved on; the page needs a fresh start.